 Dungeon Crawl Stone Soup version 0.19.5 (webtiles) character file.

1732 Aphrodieselac the Cleaver (level 9, -4/70 HPs)
             Began as a Hill Orc Fighter on Apr 7, 2017.
             Killed from afar by an electric eel (7 damage)
             ... with a bolt of electricity
             ... on level 6 of the Dungeon.
             The game lasted 00:17:35 (7916 turns).

Aphrodieselac the Cleaver (Hill Orc Fighter)        Turns: 7916, Time: 00:17:37

Health: -4/70      AC:  8    Str: 19    XL:     9   Next: 5%
Magic:  9/9        EV:  9    Int:  8    God:
Gold:   329        SH:  0    Dex: 13    Spells: 0 memorised, 8 levels left

rFire  + . .     SeeInvis .     a - +0 war axe
rCold  . . .     Gourm    .     b - +0 scale mail
rNeg   . . .     Faith    .     (no shield)
rPois  .         Spirit   .     (no helmet)
rElec  .         Reflect  .     E - +0 cloak
rCorr  .         Harm     .     (no gloves)
MR     .....                    (no boots)
Stlth  +.........               (no amulet)
                                C - ring of stealth
                                t - ring of protection from fire

@: no status effects
A: no striking features
a: no special abilities


You were on level 6 of the Dungeon.
You were not hungry.

You visited 2 branches of the dungeon, and saw 7 of its levels.
You also visited: Ossuary.

You collected 329 gold pieces.

Inventory:

Hand Weapons
 a - a +0 war axe (weapon)
 w - a +3 short sword of flaming
Missiles
 v - 6 tomahawks (quivered)
Armour
 b - a +0 scale mail (worn)
 E - a +0 cloak (worn)
Jewellery
 l - an uncursed ring of fire
 t - a ring of protection from fire (left hand)
 C - a ring of stealth (right hand)
Wands
 o - a wand of paralysis (9/24)
 y - a wand of confusion (29/48)
Scrolls
 e - 5 scrolls of identify
 g - a scroll of recharging {unknown}
 h - 2 scrolls of teleportation
 i - a scroll of torment {unknown}
 j - a scroll of magic mapping
 k - 3 scrolls of enchant weapon
 m - a scroll of blinking {unknown}
 q - 3 scrolls of remove curse {unknown}
Potions
 c - a potion of lignification {unknown}
 d - 5 potions of might
 n - a potion of agility {unknown}
 p - a potion of berserk rage {unknown}
 r - 2 potions of degeneration {unknown}
 s - a potion of heal wounds {unknown}
 x - a potion of cure mutation
 A - 4 potions of curing
 B - a potion of magic {unknown}
Books
 D - a book of Conjurations

   Spells                             Type                      Level
   a - Magic Dart                     Conjuration                  1
   b - Searing Ray                    Conjuration                  2
   c - Dazzling Spray                 Conjuration/Hexes            3
   d - Fulminant Prism                Conjuration/Hexes            4
   e - Iskenderun's Mystic Blast      Conjuration                  4
   f - Iskenderun's Battlesphere      Conjuration/Charms           5
Comestibles
 f - 3 bread rations
 u - a royal jelly
 z - a chunk of flesh


   Skills:
 - Level 3.6 Fighting
 + Level 14.1 Axes
 - Level 3.2 Armour
   Level 3.2 Shields


You had 8 spell levels left.
You didn't know any spells.

Dungeon Overview and Level Annotations

Branches:
Dungeon (6/15)             Temple (1/1) D:4

Altars:
Ashenzari
Cheibriados
Fedhas
Gozag
Hepliaklqana
Kikubaaqudgha
Makhleb
Nemelex Xobeh
Okawaru
Qazlal
Ru
Sif Muna
Trog
Vehumet
Xom
Yredelemnul
Zin
The Shining One

Annotations:
D:3 zephy's ghost, amateur MfSu


Message History

The electric eel shoots out a bolt of lightning at you!
The bolt of electricity hits you!
The electric eel shoots out a bolt of lightning at you!
The bolt of electricity hits you!
The electric eel shoots out a bolt of lightning at you!
The bolt of electricity hits you!
The electric eel shoots out a bolt of lightning at you!
The bolt of electricity hits you!
The electric eel shoots out a bolt of lightning at you!
The bolt of electricity hits you!
The electric eel shoots out a bolt of lightning at you!
The bolt of electricity hits you!
* * * LOW HITPOINT WARNING * * *
You miss the electric eel. You closely miss the electric eel.
The electric eel shoots out a bolt of lightning at you!
The bolt of electricity hits you!
* * * LOW HITPOINT WARNING * * *
The electric eel shoots out a bolt of lightning at you!
The bolt of electricity hits you!
You die...

*≈≈≈≈≈≈≈**+**,,,,,,,,*,,
#≈≈≈≈≈≈≈#,,,*,,,,,,,***,
#≈≈≈≈≈≈≈#,,,*,,,,,,** **
#≈≈≈≈≈≈≈#,,,*##*********
#≈≈≈≈≈≈≈#####≈≈≈≈≈≈≈≈≈≈≈
#≈≈≈≈≈≈≈≈≈≈≈≈≈≈≈≈≈≈≈≈≈≈≈
#≈≈≈≈≈≈≈≈≈≈≈≈≈≈≈≈≈≈≈≈≈≈≈
#≈≈.≈≈;;≈..≈≈.≈,≈≈≈,≈≈,,
#......@.......,,,,,,,,,
#..............,,,,,,,,,
#######.#######,,*,,,,,,
####.# *#.#,,,,.. #....#
*..*,,,..
#.##.#########.*###..
#............#.##....
#..####.####.#.......
#..##.....##.##......


You could see 2 electric eels.

Vanquished Creatures
  Duvessa (D:4)
  A phantom (D:6)
  An ogre (D:4)
  Blork the orc (D:6)
  3 elf zombies (Ossuary)
  A bullfrog (D:6)
  Dowan (D:4)
  3 centaur zombies
  A crimson imp (D:5)
  2 human zombies (Ossuary)
  3 orc priests
  2 hounds
  2 centaur skeletons (D:4)
  A gnoll shaman (D:3)
  Ijyb (D:3)
  Jessica (D:3)
  2 iguanas
  Natasha (thrice) (D:2)
  Terence (D:2)
  2 worker ants (D:4)
  A big kobold zombie (Ossuary)
  A hound zombie (Ossuary)
  3 mummies (Ossuary)
  Robin (D:3)
  12 gnolls
  5 adders
  A shadow imp (D:5)
  An ooze (D:3)
  7 adder zombies (Ossuary)
  4 worms
  2 dart slugs
  2 leopard geckos
  5 orcs
  13 giant cockroaches
  10 goblins
  3 hobgoblins
  4 jackals (D:4)
  6 kobolds
  A ball python skeleton (D:5)
  5 bats
  8 frilled lizards
  2 gnoll zombies (Ossuary)
  2 goblin zombies (Ossuary)
  A hobgoblin zombie (Ossuary)
  3 jackal zombies (Ossuary)
  5 kobold zombies (Ossuary)
  A leopard gecko skeleton (D:4)
  An orc zombie (Ossuary)
  2 quokka zombies (Ossuary)
  5 rats (D:1)
  5 rat zombies (Ossuary)
155 creatures vanquished.

Notes
Turn   | Place    | Note
-------+----------+-------------------------------------------
     0 | D:1      | Aphrodieselac the Hill Orc Fighter began the quest for the Orb.
     0 | D:1      | Reached XP level 1. HP: 19/19 MP: 1/1
    57 | D:1      | Reached skill level 3 in Axes
   306 | D:1      | Reached XP level 2. HP: 26/26 MP: 2/2
   680 | D:1      | Reached skill level 4 in Axes
  1007 | D:2      | Noticed Natasha
  1014 | D:2      | Noticed a crimson imp
  1022 | D:2      | Killed Natasha
  1022 | D:2      | Reached skill level 5 in Axes
  1022 | D:2      | Reached XP level 3. HP: 13/31 MP: 3/3
  1233 | D:2      | Noticed Terence
  1243 | D:2      | Killed Terence
  1243 | D:2      | Reached XP level 4. HP: 27/39 MP: 4/4
  1275 | D:2      | Noticed Natasha
  1287 | D:2      | Killed Natasha
  1287 | D:2      | Reached skill level 6 in Axes
  1377 | D:2      | Noticed Natasha
  1384 | D:2      | Killed Natasha
  1384 | D:2      | Reached XP level 5. HP: 22/45 MP: 5/5
  1660 | D:2      | Found an iron altar of Okawaru.
  1786 | D:2      | Reached skill level 7 in Axes
  2437 | D:3      | Noticed Robin
  2443 | D:3      | Killed Robin
  2548 | D:3      | Noticed zephy's ghost (amateur MfSu)
  2850 | D:3      | Noticed Ijyb
  2871 | D:3      | Killed Ijyb
  2871 | D:3      | Reached skill level 8 in Axes
  2871 | D:3      | Reached XP level 6. HP: 35/51 MP: 6/6
  3305 | D:3      | Noticed Jessica
  3312 | D:3      | Killed Jessica
  3618 | D:4      | Reached skill level 9 in Axes
  4169 | D:4      | Noticed Duvessa
  4170 | D:4      | Noticed Dowan
  4455 | D:3      | Reached XP level 7. HP: 36/57 MP: 7/7
  4571 | D:4      | Killed Duvessa
  4571 | D:4      | Reached skill level 10 in Axes
  4788 | D:4      | Killed Dowan
  5146 | D:4      | Reached skill level 11 in Axes
  5295 | D:4      | Found a staircase to the Ecumenical Temple.
  5306 | Temple   | Entered the Ecumenical Temple
  5823 | D:4      | Found a glowing silver altar of Zin.
  5898 | D:5      | Entered Level 5 of the Dungeon
  5972 | D:5      | Reached XP level 8. HP: 30/64 MP: 8/8
  6394 | D:5      | Noticed Blork the orc
  6744 | D:6      | Killed Blork the orc
  6744 | D:6      | Reached skill level 12 in Axes
  6785 | D:6      | Found a sand-covered staircase.
  6794 | Ossuary  | Entered an ossuary
  7243 | Ossuary  | Reached skill level 13 in Axes
  7874 | D:6      | Reached XP level 9. HP: 70/70 MP: 9/9
  7877 | D:6      | Reached skill level 14 in Axes
  7886 | D:6      | Found a glowing golden altar of the Shining One.
  7916 | D:6      | HP: 3/70 [electric eel/bolt of electricity (11)]
  7916 | D:6      | Killed from afar by an electric eel

Skill      XL: |  1  2  3  4  5  6  7  8  9 |
---------------+----------------------------+-----
Axes           | 3 5 6 8 9 11 13 14 | 14.1
Fighting       | |  3.6
Armour         | |  3.2
Shields        | |  3.2

Action                   |  1- 3 |  4- 6 |  7- 9 || total
-------------------------+-------+-------+-------++-------
Melee: War axe           |    68 |   229 |   347 ||   644
Throw: Tomahawk          |       |       |     3 ||     3
  Use: Potion            |       |     2 |       ||     2
       Scroll            |       |       |     7 ||     7
  Eat: Chunk             |     1 |    10 |     6 ||    17
       Beef jerky        |       |       |     1 ||     1
       Meat ration       |       |       |     1 ||     1
Armor: Scale mail        |    38 |   133 |   122 ||   293
Dodge: Dodged            |    33 |   137 |   124 ||   294
Block: Shield            |     9 |       |       ||     9
